[Event "Titled Tuesday Blitz February 21 Late 2023"]
[White "Avgoustopoulos, Christian"]
[Black "Remolar Gallen, Jose"]
[WhiteFideId "2122294"]
[BlackFideId "2215187"]
[WhiteElo "1969"]
[BlackElo "2285"]
[Result "0-1"]
[Round "01"]
[TimeControl "180+2"]
[Date "2023.02.21"]
[WhiteClock "0:00:14"]
[BlackClock "0:00:19"]

1. e4 c5 2. Nf3 Nc6 3. d4 cxd4 4. Nxd4 g6 5. c4 Bg7 6. Be3 Nf6 7. Nc3 O-O 8. Be2 d6 9. O-O Bd7 10. Qd2 Nxd4 11. Bxd4 Bc6 12. Qc2 Nd7 13. Bxg7 Kxg7 14. f4 e6 15. Bf3 Qb6+ 16. Kh1 Qe3 17. f5 Ne5 18. Rae1 Qd3 19. Qxd3 Nxd3 20. Re2 Ne5 21. b3 gxf5 22. exf5 Nxf3 23. gxf3 e5 24. Kg1 Kf6 25. Ne4+ Kxf5 26. Nxd6+ Kf4 27. Ne4 f5 28. Nc5 Rg8+ 29. Kf2 e4 30. fxe4 fxe4 31. Ke1+ Ke5 32. Nxe4 Bxe4 33. Re3 Raf8 34. Rxf8 Rxf8 35. Ke2 Kd4 36. Rh3 Rg8 37. Rg3 Rxg3 38. hxg3 Bb1 39. a3 Ba2 40. b4 Bxc4+ 0-1


[Site "https://www.chess.com"]

[Event "Titled Tuesday Blitz February 21 Late 2023"]
[White "Krallis, Christos"]
[Black "Chemin, Justo Reinaldo"]
[WhiteFideId "4298896"]
[BlackFideId "2101580"]
[WhiteElo "2344"]
[BlackElo "2040"]
[Result "1-0"]
[Round "01"]
[TimeControl "180+2"]
[Date "2023.02.21"]
[WhiteClock "0:00:09"]
[BlackClock "0:00:02"]

1. d4 e6 2. Bf4 d5 3. Nf3 Bd6 4. Bg3 Nf6 5. e3 Ne4 6. Nbd2 Nxg3 7. hxg3 c5 8. c3 Nc6 9. Bd3 h6 10. Qe2 f5 11. O-O-O Qa5 12. Kb1 c4 13. Bc2 b5 14. g4 fxg4 15. Ng5 b4 16. Qxg4 bxc3 17. Qh5+ Kd7 18. Qf7+ Ne7 19. Nxc4 dxc4 20. Qxe6+ Kc7 21. Qxc4+ Kb6 22. Nf7 Ba6 23. Qe6 Qb4 24. Qxd6+ Qxd6 25. Nxd6 cxb2 26. Bd3 Bxd3+ 27. Rxd3 Kc6 28. Ne4 Rhf8 29. Rc3+ Kd5 30. Rh5+ g5 31. f3 Rac8 32. Rxh6 Nf5 33. Rxc8 Rxc8 34. Rg6 Nxe3 35. Rxg5+ Kxd4 36. Kxb2 Rc2+ 37. Kb1 Re2 38. Rc5 Nd5 39. Rc2 Rxc2 40. Kxc2 Ne3+ 41. Kb3 Nxg2 42. Ng5 Kc5 43. Kc3 Kd5 44. Ne4 Nf4 45. Nd2 Ne2+ 46. Kd3 Nc1+ 47. Ke3 Nxa2 48. f4 Nc3 49. Kf3 Ke6 50. Kg4 a5 51. Kg5 1-0


[Site "https://www.chess.com"]

[Event "Titled Tuesday Blitz February 21 Late 2023"]
[White "Torres Dominguez, David"]
[Black "Berezin, Viktor"]
[WhiteFideId "2220857"]
[BlackFideId "14107872"]
[WhiteElo "1994"]
[BlackElo "2307"]
[Result "0-1"]
[Round "01"]
[TimeControl "180+2"]
[Date "2023.02.21"]
[WhiteClock "0:01:40"]
[BlackClock "0:01:09"]

1. e4 g6 2. Nc3 Bg7 3. f4 d6 4. Nf3 Nf6 5. Bc4 O-O 6. Bb3 c6 7. d3 b5 8. O-O Nbd7 9. a3 e5 10. fxe5 dxe5 11. Be3 Ng4 12. Bd2 Qb6+ 13. Kh1 Nf2+ 14. Rxf2 Qxf2 15. Qc1 Qb6 16. Be3 Qc7 17. Qd2 a5 18. Rf1 b4 19. axb4 axb4 20. Nd1 c5 21. Bh6 Nb6 22. Bxg7 Kxg7 23. Qg5 f6 24. Qh4 c4 25. dxc4 Nxc4 26. Nf2 Be6 27. Nd3 Ne3 28. Bxe6 Nxf1 29. Ndxe5 fxe5 30. Ng5 h6 31. Nf3 Ne3 32. Qg3 Ra1+ 33. Ng1 Rxg1+ 34. Kxg1 Rf1# 0-1


[Site "https://www.chess.com"]

[Event "Titled Tuesday Blitz February 21 Late 2023"]
[White "Ehlvest, Jaan"]
[Black "Gurevich, Ilya"]
[WhiteFideId "4500016"]
[BlackFideId "2000628"]
[WhiteElo "2530"]
[BlackElo "2586"]
[Result "1-0"]
[Round "01"]
[TimeControl "180+2"]
[Date "2023.02.21"]
[WhiteClock "0:00:30"]
[BlackClock "0:00:02"]

1. e4 c5 2. Nf3 e6 3. d4 cxd4 4. Nxd4 Nf6 5. Nc3 Nc6 6. Ndb5 Bb4 7. a3 Bxc3+ 8. Nxc3 d5 9. exd5 exd5 10. Bd3 O-O 11. O-O d4 12. Ne2 Bg4 13. h3 Bh5 14. f4 Bxe2 15. Qxe2 Re8 16. Qf3 Nd5 17. Bd2 Ne3 18. Rfe1 Qb6 19. b4 Re7 20. c4 Rae8 21. c5 Qc7 22. Rac1 a6 23. a4 h6 24. b5 axb5 25. axb5 Nd8 26. f5 f6 27. c6 bxc6 28. bxc6 Kh8 29. Bb4 Re5 30. Re2 Nf7 31. Ra2 Ng5 32. Qf4 Nd5 33. Qxd4 Nxb4 34. Qxb4 Re3 35. Bf1 Qg3 36. Kh1 Ne4 37. c7 Nf2+ 38. Rxf2 Qxf2 39. c8=Q Rxc8 40. Rxc8+ Kh7 41. Qc4 h5 42. h4 Qxh4+ 43. Qxh4 1-0


[Site "https://www.chess.com"]

[Event "Titled Tuesday Blitz February 21 Late 2023"]
[White "Eckert, Doug"]
[Black "Grycel, Kamil"]
[WhiteFideId "2001993"]
[BlackFideId "1115499"]
[WhiteElo "2075"]
[BlackElo "2315"]
[Result "0-1"]
[Round "01"]
[TimeControl "180+2"]
[Date "2023.02.21"]
[WhiteClock "0:00:26"]
[BlackClock "0:01:00"]

1. d4 b6 2. c4 Bb7 3. Nc3 Nf6 4. d5 g6 5. e4 d6 6. Nf3 Bg7 7. Be2 O-O 8. O-O Nbd7 9. Be3 Ne5 10. Nxe5 dxe5 11. c5 bxc5 12. Bxc5 Ne8 13. Qb3 Bc8 14. Rac1 Nd6 15. Rc2 f5 16. f3 fxe4 17. fxe4 Rxf1+ 18. Bxf1 Bd7 19. Bxd6 cxd6 20. Nd1 Rb8 21. Qc3 Qb6+ 22. Qe3 Qb7 23. b3 h5 24. Qg5 Be8 25. Nf2 Kh7 26. Nh3 Bh6 27. Qg3 Qb6+ 28. Kh1 Bb5 29. Rf2 Rf8 30. Rxf8 Bxf8 31. Ng5+ Kh6 32. Bxb5 Qxb5 33. h4 Qf1+ 34. Kh2 Bg7 35. Nf7+ Kh7 36. Ng5+ Kh6 37. Nf7+ Qxf7 0-1


[Site "https://www.chess.com"]

[Event "Titled Tuesday Blitz February 21 Late 2023"]
[White "Hnydiuk, Aleksander"]
[Black "Jesusesmifuerza"]
[WhiteFideId "1109057"]
[WhiteElo "2363"]
[BlackElo "2009"]
[Result "1-0"]
[Round "01"]
[TimeControl "180+2"]
[Date "2023.02.21"]
[WhiteClock "0:00:08"]
[BlackClock "0:00:02"]

1. d4 d5 2. Bf4 e6 3. e3 Bd6 4. Bxd6 Qxd6 5. Nd2 c5 6. c3 Nc6 7. f4 Nf6 8. Ngf3 O-O 9. Bd3 b6 10. Ne5 a5 11. Qf3 Ba6 12. Bc2 Rac8 13. Rc1 Rc7 14. g4 Rfc8 15. g5 Ne8 16. Qh5 g6 17. Qd1 Ng7 18. Kf2 Qe7 19. Nxc6 Rxc6 20. Nf3 cxd4 21. exd4 f6 22. Qd2 fxg5 23. fxg5 Rf8 24. Kg2 Nf5 25. Rhe1 Rf7 26. Bxf5 Rxf5 27. h4 Rc8 28. Re5 Rcf8 29. Rxf5 Rxf5 30. Re1 Qf7 31. Qe3 Bc8 32. Ne5 Qf8 33. Re2 Rf4 34. Rf2 Rxf2+ 35. Qxf2 Qxf2+ 36. Kxf2 Kf8 37. Ke3 Ke7 38. Kf4 1-0


[Site "https://www.chess.com"]

[Event "Titled Tuesday Blitz February 21 Late 2023"]
[White "Manu_ChessExcelsior"]
[Black "Zhang, Derek"]
[BlackFideId "2087871"]
[WhiteElo "2095"]
[BlackElo "2186"]
[Result "1-0"]
[Round "01"]
[TimeControl "180+2"]
[Date "2023.02.21"]
[WhiteClock "0:00:43"]
[BlackClock "0:01:22"]

1. e4 e6 2. d3 d5 3. Nd2 f5 4. exf5 exf5 5. Ngf3 Nf6 6. Be2 Bd6 7. Kf1 O-O 8. g3 f4 9. Kg2 fxg3 10. hxg3 c5 11. d4 Nc6 12. dxc5 Bxc5 13. Nb3 Bb6 14. Nbd4 Bg4 15. c3 Ne4 16. Be3 Qf6 17. Rh4 Bxf3+ 18. Bxf3 Nxd4 19. cxd4 Rae8 20. Rf4 Qg6 21. Rxf8+ Kxf8 22. Bh5 Qf6 23. Bxe8 Kxe8 24. Rc1 Kd8 25. Qg4 Bc7 26. f3 h5 27. Qxh5 Nxg3 28. Qxd5+ Qd6 29. Bg5+ Kd7 30. Rxc7+ Kxc7 31. Qxd6+ Kxd6 32. Kxg3 Kd5 33. Be3 1-0


[Site "https://www.chess.com"]

[Event "Titled Tuesday Blitz February 21 Late 2023"]
[White "Martinez Reyes, Pedro Ramon"]
[Black "Better_Chess_Faster"]
[WhiteFideId "3901807"]
[WhiteElo "2376"]
[BlackElo "1982"]
[Result "1-0"]
[Round "01"]
[TimeControl "180+2"]
[Date "2023.02.21"]
[WhiteClock "0:00:47"]
[BlackClock "0:00:21"]

1. e4 d6 2. d4 Nf6 3. Nc3 g6 4. Be2 Bg7 5. g4 d5 6. e5 Ne4 7. h4 c5 8. Nxe4 dxe4 9. c3 cxd4 10. cxd4 Nc6 11. Be3 Qa5+ 12. Kf1 Bd7 13. Qb3 Qb4 14. Bc4 Qxb3 15. Bxb3 Bxg4 16. Bd5 Rd8 17. Bxc6+ bxc6 18. Rc1 Kd7 19. Nh3 Bxh3+ 20. Rxh3 Rb8 21. b3 e6 22. h5 Rb7 23. Ke2 a5 24. Rc4 gxh5 25. Rxh5 Bf8 26. Rh4 Be7 27. Rxe4 h5 28. Rf4 h4 29. Rxf7 h3 30. Rc1 Ke8 31. Rg7 Kf8 32. Rg3 a4 33. Rh1 h2 34. Bf4 axb3 35. Rxb3 Rxb3 36. axb3 Rh4 37. Kf3 Rh3+ 38. Bg3 c5 39. dxc5 Bxc5 40. Rxh2 Rxh2 41. Bxh2 Kf7 42. Bg3 Kg6 43. Ke4 Bb4 44. f4 Bd2 45. Bf2 Bc1 46. b4 Ba3 47. b5 Be7 48. b6 Bd8 49. b7 Bc7 50. Bc5 Kf7 51. Bd6 Bxd6 52. exd6 1-0


[Site "https://www.chess.com"]

[Event "Titled Tuesday Blitz February 21 Late 2023"]
[White "Dias, Joao Batista"]
[Black "Deng, Henry"]
[WhiteFideId "2108240"]
[BlackFideId "30965454"]
[WhiteElo "1796"]
[BlackElo "2168"]
[Result "0-1"]
[Round "01"]
[TimeControl "180+2"]
[Date "2023.02.21"]
[WhiteClock "0:01:02"]
[BlackClock "0:02:05"]

1. e4 c5 2. Nf3 e6 3. b3 a6 4. Bb2 Nc6 5. h3 b5 6. Nc3 Bb7 7. Be2 d6 8. Qc1 Nf6 9. d3 Be7 10. O-O O-O 11. Nd1 Rc8 12. Ne3 d5 13. exd5 Nxd5 14. Nxd5 Qxd5 15. Qf4 f6 16. Rfe1 e5 17. Qg3 Qd7 18. Nd2 Nd4 19. Bxd4 cxd4 20. Rac1 Ba3 21. Ne4 Bxc1 22. Rxc1 Bxe4 23. dxe4 Rc3 24. Bd3 Rfc8 25. Rd1 Kh8 26. Kh2 Qe7 27. f4 exf4 28. Qxf4 Qe5 29. Kg3 Kg8 30. Kf3 Qh5+ 31. Qg4 Qh6 32. Qf4 Qh5+ 33. Qg4 Qxg4+ 34. Kxg4 Kf7 35. h4 Ke6 36. h5 g6 37. Rf1 Ke5 38. g3 Rxc2 39. Bxc2 Rxc2 40. hxg6 hxg6 41. Rh1 d3 42. Rd1 Kxe4 0-1


[Site "https://www.chess.com"]

[Event "Titled Tuesday Blitz February 21 Late 2023"]
[White "Sonnenschein, Philipp"]
[Black "Oliveira, Tiago Batista"]
[WhiteFideId "16250877"]
[BlackFideId "2108291"]
[WhiteElo "2224"]
[BlackElo "1991"]
[Result "1/2-1/2"]
[Round "01"]
[TimeControl "180+2"]
[Date "2023.02.21"]
[WhiteClock "0:00:22"]
[BlackClock "0:00:57"]

1. e4 c5 2. Nf3 Nc6 3. Bb5 d6 4. O-O Bd7 5. d4 cxd4 6. Nxd4 Nxd4 7. Bxd7+ Qxd7 8. Qxd4 Nf6 9. Nc3 e6 10. Bg5 Be7 11. Rad1 Rd8 12. e5 dxe5 13. Qxe5 Qc8 14. Rxd8+ Bxd8 15. Rd1 O-O 16. h3 Nd7 17. Qg3 Bxg5 18. Qxg5 Qc5 19. Qf4 Nf6 20. Qa4 h6 21. Qb3 b6 22. Qb5 Rc8 23. Qxc5 Rxc5 24. Rd8+ Kh7 25. Ra8 a5 26. Ra7 Kg6 27. Kf1 Nd5 28. Nxd5 exd5 29. c3 d4 30. cxd4 Rc1+ 31. Ke2 Rc2+ 32. Ke3 Rxb2 33. Rb7 Kf6 34. g4 a4 35. h4 Ke6 36. f4 g6 37. Kd3 b5 38. a3 Rb3+ 39. Kc2 f5 40. Rb6+ Kd5 41. gxf5 gxf5 42. Rxh6 Kxd4 43. Rb6 Ke4 44. h5 Kxf4 45. h6 Rxa3 46. Rxb5 Rh3 47. Ra5 Kg5 48. Rxa4 Rxh6 49. Kd2 Re6 50. Ra1 f4 51. Re1 Rxe1 52. Kxe1 Kg4 53. Kf2 f3 54. Kf1 Kg3 55. Kg1 f2+ 56. Kf1 Kf3 1/2-1/2


[Site "https://www.chess.com"]

[Event "Titled Tuesday Blitz February 21 Late 2023"]
[White "Shapiro, Bryan"]
[Black "Mendez Fortes, Eduardo Jesus"]
[WhiteFideId "2087740"]
[BlackFideId "3502376"]
[WhiteElo "1972"]
[BlackElo "2250"]
[Result "0-1"]
[Round "01"]
[TimeControl "180+2"]
[Date "2023.02.21"]
[WhiteClock "0:00:22"]
[BlackClock "0:00:59"]

1. d4 Nf6 2. c4 e6 3. Nf3 d5 4. Nc3 Bb4 5. Qa4+ Nc6 6. e3 O-O 7. Bd2 a6 8. Qc2 Re8 9. Bd3 dxc4 10. Bxc4 e5 11. dxe5 Nxe5 12. Nxe5 Rxe5 13. a3 Bd6 14. f4 Re8 15. h3 Bxf4 16. O-O Bxe3+ 17. Bxe3 Rxe3 18. Rad1 Qe7 19. Nd5 Nxd5 20. Bxd5 c6 21. Rxf7 Re1+ 22. Kh2 Qd6+ 23. g3 cxd5 24. Rxe1 Kxf7 25. Qxh7 Qh6 26. Rf1+ Ke7 27. Re1+ Kd6 28. Qxh6+ gxh6 29. Re8 d4 30. Kg2 Bxh3+ 0-1


[Site "https://www.chess.com"]

[Event "Titled Tuesday Blitz February 21 Late 2023"]
[White "Vargas, Mauricio"]
[Black "Taboas Rodriguez, Daniel"]
[WhiteFideId "4404572"]
[BlackFideId "2208466"]
[WhiteElo "2035"]
[BlackElo "2371"]
[Result "0-1"]
[Round "01"]
[TimeControl "180+2"]
[Date "2023.02.21"]
[WhiteClock "0:00:01"]
[BlackClock "0:02:04"]

1. e4 e5 2. Nf3 Nc6 3. Bc4 Nf6 4. O-O Nxe4 5. Re1 d5 6. Bb5 Bc5 7. Nxe5 Bxf2+ 8. Kh1 Qh4 9. Rxe4 dxe4 10. Nxc6 O-O 11. Nd4 Bxd4 12. Qf1 Be5 13. g3 Bxg3 14. Qg2 Bd6 0-1


[Site "https://www.chess.com"]

[Event "Titled Tuesday Blitz February 21 Late 2023"]
[White "Postma, Dinant"]
[Black "Eliteplayer3"]
[WhiteFideId "1018612"]
[WhiteElo "2131"]
[BlackElo "1962"]
[Result "1-0"]
[Round "01"]
[TimeControl "180+2"]
[Date "2023.02.21"]
[WhiteClock "0:00:19"]
[BlackClock "0:00:43"]

1. d4 d5 2. Bf4 Nf6 3. e3 c5 4. c3 Nc6 5. Nd2 g6 6. Ngf3 Bg7 7. Be2 O-O 8. O-O Nh5 9. Be5 f6 10. Bg3 Nxg3 11. hxg3 e5 12. dxc5 Be6 13. b4 f5 14. Nb3 f4 15. gxf4 exf4 16. Nfd4 Nxd4 17. Nxd4 Bd7 18. Bf3 Qg5 19. Qb3 fxe3 20. Qxd5+ Qxd5 21. Bxd5+ Kh8 22. fxe3 Rfe8 23. Bxb7 Rab8 24. c6 Bg4 25. Rae1 Bh6 26. e4 Re7 27. Nb3 Re5 28. Nc5 Rh5 29. c7 Rxb7 30. Nxb7 Bd2 31. Nd6 Bxc3 32. c8=Q+ Bxc8 33. Nxc8 Kg7 34. Rd1 Bxb4 35. g4 Rh4 36. Kg2 Rxg4+ 37. Kf3 Rg5 38. Rd7+ Kf8 39. Nxa7 Ke8 40. Rxh7 Ra5 41. Nc6 Bc5 42. Nxa5 Bb4 43. Nc6 1-0


[Site "https://www.chess.com"]

[Event "Titled Tuesday Blitz February 21 Late 2023"]
[White "Gamboa, Juan Pablo"]
[Black "Golubev, Mikhail"]
[WhiteFideId "105180"]
[BlackFideId "14100983"]
[WhiteElo "2224"]
[BlackElo "2461"]
[Result "0-1"]
[Round "01"]
[TimeControl "180+2"]
[Date "2023.02.21"]
[WhiteClock "0:00:29"]
[BlackClock "0:00:13"]

1. c4 g6 2. Nc3 Bg7 3. g3 e5 4. Bg2 d6 5. e4 Nc6 6. d3 Nd4 7. h3 Ne7 8. Nge2 Nxe2 9. Qxe2 Nc6 10. Be3 O-O 11. O-O f5 12. exf5 Bxf5 13. g4 Bd7 14. f4 exf4 15. Rxf4 Rxf4 16. Bxf4 Nd4 17. Bd5+ Kh8 18. Qg2 c6 19. Be4 Qf6 20. Rf1 Rf8 21. Bg3 Qxf1+ 22. Qxf1 Rxf1+ 23. Kxf1 Be5 24. Bxe5+ dxe5 25. b4 Kg7 26. a4 h5 27. b5 hxg4 28. hxg4 Bxg4 29. bxc6 bxc6 30. Kf2 Bd7 31. a5 Kf6 32. Na4 g5 33. Nc5 Bc8 34. Na4 g4 35. Nc3 Kg5 36. Kg3 Bd7 37. Bg2 Nf5+ 38. Kf2 Kh4 39. Ne4 g3+ 40. Kf3 Nd4+ 41. Ke3 Bh3 42. Bxh3 Kxh3 43. Nxg3 Kxg3 44. Ke4 Kf2 45. Kxe5 Ke3 46. Kd6 Kxd3 47. Kc5 a6 48. Kb6 Kxc4 49. Kxa6 Nb5 50. Kb6 Kd5 51. a6 Kd6 52. Kb7 Kc5 53. a7 Nxa7 54. Kxa7 Kb4 55. Ka6 c5 56. Kb6 c4 57. Ka6 c3 58. Kb6 c2 59. Ka6 c1=Q 60. Kb6 Qc5+ 61. Ka6 Qd6+ 62. Kb7 Kb5 63. Ka8 Qe7 64. Kb8 Kc6 65. Kc8 Qe8# 0-1


[Site "https://www.chess.com"]

[Event "Titled Tuesday Blitz February 21 Late 2023"]
[White "Leenhouts, Koen"]
[Black "tandercat"]
[WhiteFideId "1008439"]
[WhiteElo "2447"]
[BlackElo "1858"]
[Result "1-0"]
[Round "01"]
[TimeControl "180+2"]
[Date "2023.02.21"]
[WhiteClock "0:01:12"]
[BlackClock "0:00:01"]

1. d4 d5 2. c4 e6 3. Nc3 a6 4. c5 e5 5. dxe5 d4 6. Ne4 Qd5 7. Qd3 Qxe5 8. Nf3 Qd5 9. Qxd4 Qxd4 10. Nxd4 f5 11. Nc3 Bxc5 12. Nf3 Nc6 13. Bf4 Nf6 14. e3 Bd7 15. Bxc7 O-O 16. Be2 Rac8 17. Bf4 Nb4 18. O-O Bc6 19. Ne5 Be8 20. Rac1 Kh8 21. a3 Nc6 22. b4 Bd6 23. Nxc6 Rxc6 24. Bf3 Bxf4 25. Bxc6 Bxc6 26. exf4 Ne4 27. Nxe4 fxe4 28. Rfd1 h6 29. g3 Kh7 30. Rc5 1-0


[Site "https://www.chess.com"]

[Event "Titled Tuesday Blitz February 21 Late 2023"]
[White "Averjanov, Alexey"]
[Black "Nakamura, Hikaru"]
[WhiteFideId "14109867"]
[BlackFideId "2016192"]
[WhiteElo "2399"]
[BlackElo "2775"]
[Result "0-1"]
[Round "02"]
[TimeControl "180+2"]
[Date "2023.02.21"]
[WhiteClock "0:00:01"]
[BlackClock "0:01:41"]

1. d4 d6 2. c4 g6 3. Nc3 Bg7 4. Nf3 f5 5. g3 Nf6 6. Bg2 c6 7. O-O O-O 8. b3 Qa5 9. Bb2 e5 10. Qd2 Qc7 11. dxe5 dxe5 12. e4 f4 13. gxf4 Nh5 14. fxe5 Nf4 15. Qd6 Qxd6 16. exd6 Bxc3 17. Bxc3 Ne2+ 18. Kh1 Nxc3 19. Rfe1 b5 20. cxb5 Nxb5 21. e5 Rxf3 22. Bxf3 Nd4 23. Be4 a5 24. Rad1 Ne6 25. Kg2 Bd7 26. Kg3 Na6 27. f4 Nac5 28. Bg2 Ng7 29. Rf1 Rb8 30. Rc1 Nf5+ 31. Kf3 Ne6 32. Ke2 a4 33. Rc3 axb3 34. axb3 Rb4 35. Kd2 Ned4 36. Rb1 Kf7 37. Be4 Nxb3+ 38. Rbxb3 Rxe4 0-1


[Site "https://www.chess.com"]

[Event "Titled Tuesday Blitz February 21 Late 2023"]
[White "Naroditsky, Daniel"]
[Black "Gascon Del Nogal, Jose Rafael"]
[WhiteFideId "2026961"]
[BlackFideId "3902463"]
[WhiteElo "2618"]
[BlackElo "2459"]
[Result "1-0"]
[Round "02"]
[TimeControl "180+2"]
[Date "2023.02.21"]
[WhiteClock "0:00:05"]
[BlackClock "0:00:05"]

1. e4 c5 2. c3 Nf6 3. e5 Nd5 4. Nf3 d6 5. d4 cxd4 6. Qxd4 e6 7. exd6 Nc6 8. Bb5 Qxd6 9. O-O a6 10. Bxc6+ Qxc6 11. Rd1 b5 12. Nbd2 Bb7 13. Nb3 Qc7 14. Bg5 f6 15. Bh4 Qc4 16. Qxc4 bxc4 17. Na5 O-O-O 18. Nxc4 Bc5 19. Nd4 Bxd4 20. cxd4 Kd7 21. Bg3 g5 22. Nd6 Bc6 23. Nf7 h5 24. Nxh8 Rxh8 25. h3 h4 26. Bh2 g4 27. hxg4 h3 28. gxh3 Rxh3 29. Rac1 Rh4 30. f3 Rh3 31. Kg2 Rh7 32. Re1 Rg7 33. Bg3 f5 34. Rxc6 Kxc6 35. Rxe6+ Kb5 36. Re5 Kc4 37. gxf5 Kxd4 38. Re4+ Kd3 39. Kf2 Rf7 40. Re5 Ne7 41. Re3+ Kd4 42. f6 Nd5 43. Be5+ Kc4 44. Re4+ Kc5 45. Ra4 Kb5 46. Rd4 Kc5 47. a3 a5 48. Rh4 Kc6 49. Rg4 Kd7 50. Rg7 Ke6 51. Rxf7 Kxf7 52. f4 a4 53. Ke2 Nb6 54. Kd3 Nd7 55. Kc4 Ke6 56. Kb4 Nb6 57. Kb5 1-0


[Site "https://www.chess.com"]

[Event "Titled Tuesday Blitz February 21 Late 2023"]
[White "Risteski, Emil"]
[Black "Nihal Sarin"]
[WhiteFideId "15005267"]
[BlackFideId "25092340"]
[WhiteElo "2366"]
[BlackElo "2673"]
[Result "0-1"]
[Round "02"]
[TimeControl "180+2"]
[Date "2023.02.21"]
[WhiteClock "0:00:05"]
[BlackClock "0:00:08"]

1. d4 Nf6 2. c4 e6 3. g3 Bb4+ 4. Bd2 Be7 5. Bg2 d5 6. Nf3 O-O 7. O-O Nbd7 8. Qc2 Ne4 9. Rd1 c6 10. Be1 b6 11. Nbd2 Nxd2 12. Nxd2 f5 13. cxd5 cxd5 14. Qc6 Ba6 15. Qxe6+ Kh8 16. Qxd5 Rc8 17. e3 Rc2 18. Qb3 Qc7 19. Bf1 Bb7 20. Bg2 Bxg2 21. Kxg2 Nf6 22. Qd3 Nd5 23. Nf3 Rxb2 24. Rdc1 Qb7 25. Bc3 Nxc3 26. Qxc3 Rb5 27. Qc6 Qxc6 28. Rxc6 Rb2 29. Rc7 Bf6 30. Rxa7 Re8 31. Rc1 h6 32. Kg1 Kh7 33. h4 Kg6 34. Rc6 Kh5 35. Ra6 b5 36. Rc5 Kg4 37. Nh2+ Kh3 38. Rxf5 Bxd4 39. Nf1 Rb1 40. Rf3 Bf6 41. Rc6 Rd8 42. g4+ Kxg4 43. Rg3+ Kxh4 44. Kg2 Rdd1 45. Rh3+ Kg5 46. Nh2 Rg1+ 47. Kf3 Kg6 48. Ng4 h5 49. Nxf6 gxf6 50. Rg3+ Rxg3+ 51. Kxg3 Rb2 52. Ra6 b4 53. Ra5 f5 54. Ra6+ Kg7 55. Ra5 Kf6 56. f3 Kg5 57. f4+ Kf6 58. Ra6+ Ke7 59. Ra5 Ke6 60. Ra6+ Kd5 61. Ra5+ Kc4 62. Kf3 h4 63. e4 fxe4+ 64. Kxe4 h3 65. Rh5 h2 66. f5 Rxa2 67. f6 Rf2 68. f7 Rxf7 69. Rxh2 Re7+ 70. Kf3 b3 71. Rh6 b2 72. Rc6+ Kb3 73. Rb6+ Kc2 74. Kf2 b1=Q 75. Rc6+ Kd3 76. Rd6+ Ke4 77. Rd1 Qxd1 0-1


[Site "https://www.chess.com"]

[Event "Titled Tuesday Blitz February 21 Late 2023"]
[White "Andreikin, Dmitry"]
[Black "Klose, Eli"]
[WhiteFideId "4158814"]
[BlackFideId "16242955"]
[WhiteElo "2729"]
[BlackElo "1519"]
[Result "1-0"]
[Round "02"]
[TimeControl "180+2"]
[Date "2023.02.21"]
[WhiteClock "0:00:17"]
[BlackClock "0:00:04"]

1. c4 Nf6 2. Nc3 c5 3. Nf3 Nc6 4. g3 d6 5. Bg2 g6 6. d4 cxd4 7. Nxd4 Bd7 8. Nc2 Bg7 9. b3 O-O 10. Bb2 Qa5 11. O-O Qh5 12. Ne3 Bh3 13. Bf3 Qa5 14. Re1 h5 15. a3 Rab8 16. Nb5 a6 17. b4 Qd8 18. Nd4 Nxd4 19. Qxd4 Ne8 20. Qd2 Bxb2 21. Qxb2 Be6 22. Red1 Qc7 23. Rac1 Nf6 24. h4 Rfd8 25. Qd4 b6 26. Qf4 Kg7 27. c5 bxc5 28. bxc5 Rbc8 29. cxd6 Qxc1 30. Nf5+ Bxf5 31. Rxc1 Rxc1+ 32. Qxc1 Rxd6 33. Qc3 Bg4 34. Bxg4 hxg4 35. Kg2 Re6 36. Qc4 Rd6 37. a4 Re6 38. a5 Rd6 39. Qc5 Re6 40. Qa7 Kg8 41. Qb8+ Kg7 42. Qb2 Kg8 43. f3 gxf3+ 44. exf3 Kg7 45. g4 Kg8 46. Qd4 Rd6 47. Qa7 Kf8 48. Kg3 Re6 49. Qc5 Ne8 50. Qd4 Kg8 51. Qd8 Kf8 52. Qc8 Rd6 53. Kf4 f6 54. h5 gxh5 55. gxh5 Kf7 56. Qc4+ Kg7 57. Kg3 1-0


[Site "https://www.chess.com"]

[Event "Titled Tuesday Blitz February 21 Late 2023"]
[White "Mustafayev, Farid"]
[Black "Caruana, Fabiano"]
[WhiteFideId "13408771"]
[BlackFideId "2020009"]
[WhiteElo "2316"]
[BlackElo "2764"]
[Result "0-1"]
[Round "02"]
[TimeControl "180+2"]
[Date "2023.02.21"]
[WhiteClock "0:00:21"]
[BlackClock "0:00:41"]

1. c4 e5 2. Nc3 Bb4 3. g3 Bxc3 4. bxc3 Nc6 5. Bg2 Nge7 6. d3 O-O 7. c5 b6 8. cxb6 axb6 9. Nf3 d5 10. O-O f6 11. Nd2 Be6 12. a4 Qd7 13. Ba3 Ra7 14. Qc2 Rfa8 15. Bb2 Nd8 16. f4 Nf7 17. c4 exf4 18. Rxf4 Rxa4 19. Rxa4 Qxa4 20. Qxa4 Rxa4 21. cxd5 Bd7 22. Rc4 Rxc4 23. dxc4 Nf5 24. Kf2 N5d6 25. Ba3 Ne5 26. c5 bxc5 27. Bxc5 Kf7 28. h3 h5 29. Ne4 Nxe4+ 30. Bxe4 Bxh3 31. Bb4 Nc4 32. Bd3 Nb6 33. e4 Bg4 34. Ke3 g5 35. Ba5 Ke7 36. Kd4 h4 37. gxh4 gxh4 38. Be1 h3 39. Bg3 Nd7 40. Bxc7 Ne5 41. Bb5 h2 42. d6+ Kf7 43. d7 Bxd7 44. Bc4+ Be6 0-1


[Site "https://www.chess.com"]

[Event "Titled Tuesday Blitz February 21 Late 2023"]
[White "Vachier-Lagrave, Maxime"]
[Black "Panesso Rivera, Henry"]
[WhiteFideId "623539"]
[BlackFideId "4402707"]
[WhiteElo "2742"]
[BlackElo "2342"]
[Result "1-0"]
[Round "02"]
[TimeControl "180+2"]
[Date "2023.02.21"]
[WhiteClock "0:00:08"]
[BlackClock "0:00:03"]

1. e4 c5 2. Nf3 e6 3. c3 Nf6 4. e5 Nd5 5. Na3 d6 6. exd6 Nc6 7. Nc4 Bxd6 8. d4 O-O 9. Nxd6 Qxd6 10. dxc5 Qxc5 11. Bd3 e5 12. O-O h6 13. Qe2 Re8 14. Re1 Nf6 15. Be3 Qe7 16. Bc2 Bg4 17. h3 Bh5 18. g4 Bg6 19. Bxg6 fxg6 20. Qc4+ Kh7 21. g5 Nh5 22. Qe4 Rf8 23. Rad1 Qe6 24. Kh2 Rf7 25. gxh6 gxh6 26. Nh4 Raf8 27. Rg1 Ne7 28. Qg4 Qxg4 29. hxg4 Nf4 30. Bxa7 Ne6 31. Be3 Nc6 32. Rd6 Ng5 33. Rxg6 Nf3+ 34. Kh1 Nxg1 35. Rxh6+ Kg7 36. Kxg1 Rd7 37. Nf5+ Kf7 38. Kg2 Rd1 39. Kf3 Rfd8 40. b4 1-0


[Site "https://www.chess.com"]

[Event "Titled Tuesday Blitz February 21 Late 2023"]
[White "Martinez Ramirez, Lennis"]
[Black "Kramnik, Vladimir"]
[WhiteFideId "3509079"]
[BlackFideId "4101588"]
[WhiteElo "2426"]
[BlackElo "2753"]
[Result "1-0"]
[Round "02"]
[TimeControl "180+2"]
[Date "2023.02.21"]
[WhiteClock "0:00:32"]
[BlackClock "0:00:13"]

1. c4 e6 2. Nf3 Nf6 3. g3 b6 4. Bg2 Bb7 5. O-O c5 6. Nc3 Be7 7. Re1 Ne4 8. Qc2 Nxc3 9. dxc3 d6 10. e4 Nd7 11. Bf4 Qc7 12. Rad1 e5 13. Bg5 Bxg5 14. Nxg5 h6 15. Nf3 Nf6 16. Nd2 h5 17. h4 O-O-O 18. Nf1 Kb8 19. Ne3 Rhg8 20. Qc1 Nxe4 21. Nd5 Bxd5 22. Rxd5 Nf6 23. b4 Rge8 24. Qg5 Nxd5 25. Bxd5 g6 26. b5 Qe7 27. Qd2 f5 28. a4 e4 29. a5 bxa5 30. Ra1 Qc7 31. b6 axb6 32. Qb2 Ka7 33. Qb5 e3 34. f4 e2 35. Re1 Re3 36. Kf2 Rde8 37. Bf3 Rxf3+ 38. Kxf3 Qb7+ 39. Kf2 Qe4 40. Qd7+ Ka8 41. Qxd6 Qe3+ 42. Kg2 Qe6 43. Qc7 Rc8 44. Qe5 Qxe5 45. fxe5 Re8 46. Rxe2 Kb7 47. Kf3 Kc6 48. Kf4 Re6 49. Kg5 a4 50. Kh6 b5 51. Kg7 b4 52. Kf7 b3 53. Kxe6 a3 54. Kf7 b2 55. e6 b1=Q 56. e7 Qb7 57. Kf8 Qa8+ 58. e8=Q+ Qxe8+ 59. Kxe8 1-0


[Site "https://www.chess.com"]